 Dungeon Crawl Stone Soup version 0.28.0 (webtiles) character file.

Game seed: 15348509345239678638

197 Sanktem7 the Skirmisher (level 5, 0/51 HPs)
             Began as a Draconian Chaos Knight on Feb 8, 2022.
             Was a Plaything of Xom.
             Slain by an elf zombie (5 damage)
             ... in an ossuary.
             The game lasted 00:09:24 (2791 turns).

Sanktem7 the Skirmisher (Draconian Chaos Knight)    Turns: 2791, Time: 00:09:25

Health: 0/51       AC:  5    Str: 19    XL:     5   Next: 46%
Magic:  5/5        EV: 12    Int: 12    God:    Xom [....*.]
Gold:   231        SH:  0    Dex: 10    Spells: 3/4 levels left

rFire   . . .      SeeInvis .   a - +0 falchion (chaos)
rCold   . . .      Faith    .   (no shield)
rNeg    . . .      Spirit   .   (armour unavailable)
rPois   .          Reflect  .   (helmet restricted)
rElec   .          Harm     .   (no cloak)
rCorr   .          Rampage  .   (no gloves)
Will    +....                   (no boots)
Stlth   +.........              (no amulet)
HPRegen 0.17/turn               (no ring)
MPRegen 0.09/turn               (no ring)

@: marked
A: AC +5, unfitting armour, cold-blooded, beak, talons 1, strong-willed 1,
robust 1, strong 1, MP-powered wands
a: Renounce Religion


You were in an ossuary.
You worshipped Xom.
You were a beloved toy of Xom.
You visited 1 branch of the dungeon, and saw 3 of its levels.
You also visited: Ossuary.

You collected 231 gold pieces.

Inventory:

Hand Weapons
 a - a +0 falchion of chaos (weapon)
 b - a +1 hand axe of flaming
Armour
 e - a +0 chain mail
Scrolls
 c - 2 scrolls of identify
 g - a scroll of enchant weapon
 h - a scroll of blinking
 i - a scroll of noise
Potions
 d - a potion of heal wounds
 f - a potion of haste


   Skills:
 + Level 4.4 Fighting
 + Level 4.4 Long Blades
 - Level 0.6 Axes
 + Level 3.4 Dodging
 + Level 1.0 Stealth


You had 3 spell levels left.
You knew the following spells:

 Your Spells              Type           Power      Damage    Failure   Level
a - Magic Dart            Conj           0%         1d3       32%         1

Your spell library contained the following spells:

 Spells                   Type           Power      Damage    Failure   Level
 Call Imp                 Summ           0%         N/A       45%         2
 Mephitic Cloud           Conj/Pois/Air  0%         N/A       69%         3


Dungeon Overview and Level Annotations

Branches:
Dungeon (4/15)            Ossuary (1/1)
 Temple: D:4-7

Altars:
Nemelex Xobeh
Wu Jian

Shops:
D:1 =


Innate Abilities, Weirdness & Mutations

Your plain brown scales are hard. (AC +5)
You cannot fit into any form of body armour.
You are cold-blooded and may be slowed by cold attacks.
You have a beak for a mouth.
You have sharp toenails.
You are strong-willed. (Will+)
You are robust. (+10% HP)
Your muscles are strong. (Str +2)
You expend magic power (3 MP) to strengthen your wands.


Message History

You destroy the mummy!
The elf zombie hits you.
* * * LOW HITPOINT WARNING * * *
Your Stealth skill increases to level 1!
You hit the kobold zombie. You burn the kobold zombie.
The kobold zombie is heavily damaged.
The kobold zombie barely misses you.
You hit the kobold zombie.
Lightning courses through the kobold zombie!!
You destroy the kobold zombie!
The elf zombie barely misses you.
The rat zombie bites you but does no damage.
You hit the rat zombie.
The rat zombie resists with significant effort.
The rat zombie is severely damaged.
The rat zombie bites you but does no damage.
The elf zombie hits you but does no damage.
You hit the rat zombie.
You destroy the rat zombie!
The elf zombie hits you.
* * * LOW HITPOINT WARNING * * *
You barely miss the elf zombie. You claw the elf zombie.
The elf zombie is heavily damaged.
The elf zombie hits you but does no damage.
You slash the elf zombie!
The elf zombie seems to grow stronger.
You peck the elf zombie.
The elf zombie is severely damaged.
You barely miss the elf zombie. Your kick misses the elf zombie.
Your peck misses the elf zombie.
Your tail-slap misses the elf zombie.
The elf zombie is severely damaged.
The elf zombie hits you!
* * * LOW HITPOINT WARNING * * *
You hit the elf zombie. Your kick misses the elf zombie.
The elf zombie is almost destroyed.
The elf zombie hits you.
* * * LOW HITPOINT WARNING * * *
You completely miss the elf zombie. Your kick misses the elf zombie.
The elf zombie is almost destroyed.
The elf zombie hits you.
You die...

#...##############...#
#...# #...# #...#
#...# #...# #...#
#...####+.... #...#
#...#.....∩.# #...#
#...#.......# #...#
#...#.......# #...#
#...#.......####.#...#
#...#.......Z@...#...#
#...#.####..####.#...#
#...# #..# #...# #...#
#.^# #...#
#...######^.######...#
#....................#
#........8..8........#
#....................#
#....................#


You could see an elf zombie (strong).

Vanquished Creatures
  A scorpion (D:4)
  A centaur zombie (Ossuary)
  A hound skeleton (D:4)
  A mummy (Ossuary)
  2 adders
  An ufetubus (D:2)
  An adder skeleton (D:4)
  An orc (D:4)
  3 endoplasms
  3 giant cockroaches
  6 goblins
  4 hobgoblins
  A jackal (D:2)
  5 quokkas
  5 ball pythons
  6 bats
  4 frilled lizards
  A goblin zombie (Ossuary)
  12 hobgoblin zombies (Ossuary)
  2 jackal zombies (Ossuary)
  3 kobolds
  7 kobold zombies (Ossuary)
  6 orc zombies (Ossuary)
  4 rats
  A rat zombie (Ossuary)
82 creatures vanquished.

Vanquished Creatures (collateral kills)
  A rat (D:1)
1 creature vanquished.

Vanquished Creatures (others)
  A mummy (Ossuary)
  An adder zombie (Ossuary)
  3 hobgoblin zombies (Ossuary)
  A kobold zombie (Ossuary)
6 creatures vanquished.

Grand Total: 89 creatures vanquished

Notes
Turn   | Place    | Note
-------+----------+-------------------------------------------
     0 | D:1      | Sanktem7 the Draconian Chaos Knight began the quest for the
                  | Orb.
     0 | D:1      | Reached XP level 1. HP: 19/19 MP: 1/1
    10 | D:1      | Found Dizotz's One-of-a-Kind Rings.
    33 | D:1      | XOM: silly message
   204 | D:1      | Reached XP level 2. HP: 23/26 MP: 2/2
   337 | D:1      | XOM: 3-stop teleportation journey
   420 | D:1      | XOM: cast spell 'Discord'
   437 | D:1      | XOM: 10-stop teleportation journey
   454 | D:1      | XOM: divination: detect creatures
   775 | D:1      | XOM: god gift: staff of air
  1174 | D:2      | Reached XP level 3. HP: 28/33 MP: 3/3
  1314 | D:2      | Found a sparkling altar of Nemelex Xobeh.
  1411 | D:2      | XOM: god gift: robe {god gift}
  1426 | D:2      | XOM: give mutations
  1426 | D:2      | Gained mutation: You are strong-willed. (Will+) [Xom's
                  | grace]
  1426 | D:2      | Gained mutation: You expend magic power (3 MP) to
                  | strengthen your wands. [Xom's grace]
  1692 | D:2      | XOM: give mutations
  1692 | D:2      | Gained mutation: You are robust. (+10% HP) [Xom's grace]
  1692 | D:2      | Gained mutation: You have sharp toenails. [Xom's grace]
  1692 | D:2      | Gained mutation: Your muscles are strong. (Str +2) [Xom's
                  | grace]
  1692 | D:2      | Gained mutation: You have a beak for a mouth. [Xom's grace]
  1953 | D:2      | XOM: summons 2 hostile demons
  1991 | D:2      | XOM: god gift: 30 gold pieces
  2285 | D:2      | You fall into a shaft and drop 2 floors!
  2285 | D:4      | Noticed a scorpion
  2291 | D:4      | XOM: confuse monster(s)
  2291 | D:4      | Killed a scorpion
  2292 | D:4      | Reached XP level 4. HP: 36/44 MP: 4/4
  2395 | D:4      | Found an ornate altar of the Wu Jian Council.
  2438 | D:4      | XOM: cloud trail
  2509 | D:4      | Reached XP level 5. HP: 44/50 MP: 5/5
  2595 | D:4      | Learned a level 1 spell: Magic Dart
  2648 | D:4      | Found a sand-covered staircase.
  2653 | Ossuary  | XOM: stealth player
  2653 | Ossuary  | Entered an ossuary
  2769 | Ossuary  | XOM: destruction
  2782 | Ossuary  | Reached skill level 1 in Stealth
  2791 | Ossuary  | Slain by an elf zombie

Illustrated notes

Levels and vault maps discovered:
D:1:      nicolae_arrival_memento_mori, layout_basic, minmay_misc_feat_rows,
          nicolae_shop_unique_rings, item_on_display_a
D:2:      minmay_spotlight, layout_basic, basic_altar, minmay_tromino_i2
D:4:      layout_basic, amcnicky_altar_gilded, nicolae_ossuary_entry_plus,
          portal_sewer_entry_e, serial_shops, shop_coins, serial_rivers,
          chequers_serial_rivers_room_b, chequers_serial_rivers_micro_d,
          chequers_serial_rivers_micro_d, chequers_serial_rivers_large_a,
          chequers_serial_rivers_micro_c
Ossuary:  ossuary_tomb_1

Skill      XL: |  1  2  3  4  5 |
---------------+----------------+-----
Fighting       | 4 |  4.4
Long Blades    | 4 |  4.4
Dodging        | 3 |  3.4
Stealth        | 1 |  1.0
Axes           | |  0.6

Action                   |  1- 3 |  4- 6 || total
-------------------------+-------+-------++-------
Melee: Hand axe          |    43 |       ||    43
       Tailslap          |    11 |     7 ||    18
       Falchion          |    57 |    84 ||   141
       Kick              |     4 |    25 ||    29
       Peck              |     4 |    14 ||    18
  Use: Scroll            |       |     5 ||     5
 Stab: Confused          |       |     1 ||     1
       Paralysed         |       |     1 ||     1
Armor: Skin              |    32 |    25 ||    57
Dodge: Dodged            |   101 |    39 ||   140
